[Event "Superbet Chess Classic 2023"]
[Site "Chess.com"]
[Date "2023.05.08"]
[Round "3"]
[White "Caruana, Fabiano"]
[Black "Vachier Lagrave, Maxime"]
[Result "1-0"]
[WhiteElo "2764"]
[BlackElo "2742"]
[ECO "E73"]
[EventDate "2023.??.??"]
[Annotator "rafael"]
[PlyCount "45"]
[Beauty "8251705917473"]
[EventType "team-tourn"]
[EventCountry "ROU"]
[TimeControl "5400+30"]

1.d4 Nf6 2.c4 g6 3.h4 {As elite grandmasters show us in every tournament, it's possible to play anything in the opening these days, you just have to be well prepared. I guess I'm making this sound easier than it really is. The idea of this move is not so complex: White wants to play h5 at some point. This is mainly targeted against the Grunfeld Defence. I hope the reader is not offended by this spoiler, but it's curious that this pawn never managed to fulfill its destiny and stayed on h4 for the remainder of the game.} 3...Bg7 4.Nc3 O-O {Vachier-Lagrave accepts to play a King's Indian. Can this be considered Caruana's first victory in this game, or am I exaggerating $2} ( 4...d5 5.h5 $1 {[%c_effect h5;square;h5;type;GreatFind;persistent;true] Here it is: the real point of the daring advance on move three.} ) 5.e4 d6 6.Be2 $1 {[%c_effect e2;square;e2;type;GreatFind;persistent;true] The best way to make sense of the pawn on h4. Vachier-Lagrave himself has some experience on the white side of this position.} 6...c5 ( 6...h5 {is logical, stopping the pawn once and for all. But then White can try to place either a knight or a bishop on the g5-square. There's a lot of theory on this position.} ) ( 6...e5 {This was played by Carlsen.} 7.dxe5 $6 {[%c_effect e5;square;e5;type;Inaccuracy;persistent;true] A strange choice, since 7.d5 is much more natural.} ( 7.d5 ) 7...dxe5 8.Qxd8 Rxd8 9.h5 c6 {Vachier-Lagrave-Carlsen, Carlsen Inv Prelim (rapid) 2020.} ) 7.d5 b5 $5 {[%c_effect b5;square;b5;type;Interesting;persistent;true] Black chooses an improved version of the Benko Gambit.} ( 7...e6 {Vachier-Lagrave has played this move before.} 8.h5 exd5 9.exd5 Re8 10.h6 Bh8 11.Bg5 Qb6 {with a complicated game in Grischuk-Vachier-Lagrave, Paris (rapid) 2019.} ) 8.cxb5 a6 {As I was about to make fun of one more failed attempt of playing the Benko Gambit, I suddenly found out that I had played this position with Black myself. The past always comes back to haunt us. To be fair, I managed to get a pretty good position against a strong opponent.} 9.a4 ( 9.b6 $6 {[%c_effect b6;square;b6;type;Inaccuracy;persistent;true] The problem with the Benko Gambit is that it loses a pawn. Enough said.} 9...Qxb6 10.Nh3 h5 $1 11.Ng5 Nbd7 12.O-O Ne5 13.Na4 Qc7 14.Bf4 Nh7 {I remember that I liked my position at this point. Vescovi-Leitao, Sao Paulo 2007.} ) 9...axb5 10.Bxb5 Ba6 11.Bxa6 ( 11.Bd2 {Vachier-Lagrave used this move to beat Svidler in 2021.} 11...Bxb5 12.axb5 Nbd7 13.Nf3 Rxa1 14.Qxa1 Qb6 15.O-O Rb8 16.Qa6 Ne8 {Black has a good position since the knight is going to c7 and the b5-pawn is about to be lost, but somehow White won the game in Vachier-Lagrave-Svidler, St. Louis 2021.} ) 11...Nxa6 12.Nf3 {Here we have a much better version for Black of the traditional gambit, since the pawn on h4 leaves some weaknesses on White's position. Honestly, if this position is not playable for Black, then I have bad news for Benko Gambit lovers. The question is: what's the best way for Black to explore the lead in initiative and the weakened g4-square to fight for compensation $2} 12...Qd7 {A novelty. Vachier-Lagrave aims his queen at the kingside, but his piece's only got a one-way ticket for its journey.} ( 12...Ng4 $6 {[%c_effect g4;square;g4;type;Inaccuracy;persistent;true] is obviously premature, as it allows the advance of the pawn.} 13.h5 $1 ) ( 12...e6 $6 13.dxe6 $1 fxe6 14.O-O d5 15.Bg5 {leads to a clear advantage for White.} ) ( 12...h5 13.O-O Ng4 {was played in Boyer-Bailet, Vaujany op 2021.} ) ( 12...Nb4 {is natural, but the queen probably will go to d7 anyway after} 13.O-O ) 13.O-O Qg4 $6 ( 13...Nb4 $1 {[%c_effect b4;square;b4;type;GreatFind;persistent;true] is more accurate, leaving all options open. Black can play with c5-c4, Qg4, or Ng4. The compensation for the pawn seems quite decent.} ) 14.Re1 Nb4 15.Bg5 $1 {[%c_effect g5;square;g5;type;GreatFind;persistent;true] A very strong move by Caruana. It's the only move that gives White a clear edge, and it was probably missed by Black.} ( 15.e5 $6 {[%c_effect e5;square;e5;type;Inaccuracy;persistent;true] is premature.} 15...dxe5 16.Nxe5 Qxh4 ) 15...Nh5 $2 {[%c_effect h5;square;h5;type;Mistake;persistent;true] This is based on a miscalculation. The initiative is not strong enough to compensate for the missing pawns.} ( 15...h6 {This is the critical try, but White has the advantage after some precise moves.} 16.Bxf6 Bxf6 ( 16...exf6 {is not as bad as it looks if Black manages to play f6-f5 one day, but White is in control after} 17.Nb5 ) 17.e5 $1 dxe5 18.Re4 $1 ( 18.Nxe5 {is not so convincing after} 18...Qxh4 ) 18...Qf5 19.Qe2 Rfd8 20.Rd1 {followed by 21.Nxe5 with a clear advantage.} ) 16.Bxe7 Nf4 17.g3 Rfe8 ( 17...Nbd3 {is an interesting attempt, but it's refuted after} 18.Ng5 $1 ( 18.Bxf8 $4 {[%c_effect f8;square;f8;type;Blunder;persistent;true] loses to} 18...Qh3 $1 19.gxf4 Nxf4 {with inevitable mate.} ) 18...Qxd1 19.Raxd1 Nxb2 20.Bxf8 {and White will be ahead after both players capture all the hanging pieces.} ) 18.Bxd6 Nfd3 19.Re3 $1 Nxb2 20.Qb3 N2d3 21.e5 {Black is left with a miserable position, but his agony will soon be over.} 21...f5 {A desperate attempt to complicate the game.} ( 21...c4 22.Qd1 {with two pawns up and an easy win for White.} ) 22.Nh2 Qh3 $6 ( 22...Qd4 {is better. Caruana could choose to repeat moves with 23.Nf3 and play something else later, or play 23.Rd1.} 23.Rd1 ( 23.Nf3 ) 23...c4 24.Qxb4 $1 Qxe3 25.fxe3 Nxb4 26.Bxb4 Bxe5 27.Kf2 {with an easily winning endgame.} ) 23.Ne2 {Black's pieces are hanging, the queen is out of the game, and he is two pawns down. The game is over.} 1-0

[Event "Superbet Chess Classic 2023"]
[Site "Chess.com"]
[Date "2023.05.09"]
[Round "4"]
[White "Caruana, Fabiano"]
[Black "Nepomniachtchi, Ian"]
[Result "1-0"]
[WhiteElo "2764"]
[BlackElo "2794"]
[ECO "D32"]
[EventDate "2023.??.??"]
[Annotator "rafael"]
[PlyCount "139"]
[Beauty "5842581585928"]
[EventType "team-tourn"]
[EventCountry "ROU"]
[TimeControl "5400+30"]

1.d4 Nf6 2.Nf3 d5 3.c4 e6 4.Nc3 c5 5.e3 Nc6 6.cxd5 exd5 7.Bb5 cxd4 8.Nxd4 Bd7 9.O-O Bd6 10.Nf3 Be6 11.b3 a6 {Caruana probably didn't expect this move, since he had to take some time to think after seeing it.} ( 11...O-O {was played by Nepomniachtchi in 2022 in a Titled Tuesday game against Melkumyan.} ) 12.Bd3 ( 12.Bxc6+ {It seems that the pressure on the hanging pawns is not enough to justify this exchange. Black is fine after} 12...bxc6 13.Bb2 O-O 14.Rc1 c5 ) 12...Ne5 {All this was played fast by Nepomniachtchi. He must have studied this line during his world championship match preparation.} 13.Nxe5 Bxe5 14.Bb2 Rc8 ( 14...O-O {It's important to check this move as we can have a transposition to the game later on.} 15.h3 {A useful move to avoid a sacrifice on h2 or a piece going to g4.} 15...Rc8 16.Rc1 Qa5 17.Qe1 Rfd8 $2 ( 17...Ne4 $1 {[%c_effect e4;square;e4;type;GreatFind;persistent;true] Forces an immediate draw.} 18.Nxe4 Qxe1 19.Rfxe1 Bxb2 ( 19...dxe4 20.Bxe5 exd3 {also equalizes.} ) 20.Rxc8 Rxc8 21.Ng5 h6 22.Nxe6 fxe6 {with a drawn endgame.} ) 18.f4 $1 Bd6 19.Ne4 $1 Qxe1 20.Nxf6+ gxf6 21.Rfxe1 {with a clear advantage for White in Niemann-Tari, FTX Road to Miami 2022.} ) 15.Rc1 O-O 16.f4 {If we consider that 16.h3 leads to a known position, then this is the first new move of the game. It's reasonable to assume that both players were out of book at this point.} ( 16.h3 {Transposes to Niemann's game.} ) 16...Bc7 {Black has many decent options.} ( 16...Bxc3 17.Bxc3 Ne4 18.Bd4 ( 18.Bb4 Qb6 $1 ) 18...f6 {Despite White's bishop pair, the knight is very strong on e4 and the position is roughly equal.} ) ( 16...Bb8 {This retreat seems more natural to me than the one played in the game.} ) ( 16...Bd6 {is also possible.} ) 17.Ne2 ( 17.Na4 $1 {[%c_effect a4;square;a4;type;GreatFind;persistent;true] This move is more dangerous for Black.} ) 17...Bb6 18.Bd4 ( 18.Nd4 {It makes sense to preserve the bishops on the board, although the game remains balanced.} 18...Re8 ) 18...Bxd4 19.Nxd4 Qa5 {If the f-pawn was on f2, and this is a big \"if,\" White would have a stable small advantage, although the position is totally defensible even then. With the pawn on f4, Black has good counterplay and no problems whatsoever. This, however, doesn't mean the position is drawn. The game continuation reminds me of one of the best Karpov games. Little by little, with patience, careful play, and never agreeing to a draw, Caruana gives a masterclass on endgame technique.} 20.Qe2 Rfe8 21.h3 $1 {[%c_effect h3;square;h3;type;GreatFind;persistent;true] A good prophylactic move.} 21...Bd7 22.Rxc8 Rxc8 23.Qb2 Qc5 24.a4 a5 $1 25.Qd2 b6 26.Rb1 Qa3 27.Kh2 h6 28.Rb2 Qe7 29.Rc2 Rc5 $1 {[%c_effect c5;square;c5;type;GreatFind;persistent;true] Black has a comfortable position.} 30.Nf3 Rxc2 31.Bxc2 Qc5 32.Bd3 Kf8 33.Nd4 Kg8 34.Kg1 Kf8 {A tacit draw offer, refused by Caruana's next move.} 35.Kf2 Ke7 36.Qb2 Kf8 37.Nc2 {An important moment, as the character of the game now changes. White wants to bring the queen to e5.} 37...Ne4+ {This is not necessary, and I think it makes the defense a bit more difficult.} ( 37...b5 $2 {[%c_effect b5;square;b5;type;Mistake;persistent;true] This is a logical move, but there's a pretty refutation.} 38.b4 $1 axb4 39.a5 $1 {[%c_effect a5;square;a5;type;GreatFind;persistent;true] The b4-pawn will be captured and suddenly White is winning.} ) ( 37...Ne8 $5 {[%c_effect e8;square;e8;type;Interesting;persistent;true] This is a good move—the knight heads to d6.} 38.Qe5 Qd6 39.Qxd6+ Nxd6 40.Nd4 Ke7 {with a drawish endgame.} ) ( 37...Qd6 38.Qd4 Ne8 {is also good—in this case the knight goes to c7 and then e6.} ) 38.Bxe4 dxe4 39.Nd4 {White's knight is very strong, and his position is easier to play, but Black has an active queen and no weakness.} 39...Bc6 40.Qe2 Qc3 41.Qa6 Qd2+ $6 ( 41...Qb2+ $1 {[%c_effect b2;square;b2;type;GreatFind;persistent;true] This is the best move and leads to a draw by force after some interesting complications.} 42.Kg3 {The only winning attempt.} ( 42.Ne2 $2 Qxb3 ) ( 42.Kf1 Qc1+ ) ( 42.Kg1 Qc1+ ) 42...Qd2 $1 {[%c_effect d2;square;d2;type;GreatFind;persistent;true] Forced, but enough.} 43.Nxc6 Qxe3+ 44.Kg4 ( 44.Kh2 $2 {[%c_effect h2;square;h2;type;Mistake;persistent;true] loses to} 44...Qxf4+ 45.Kg1 Qc1+ {and the knight is captured.} ) 44...g6 $1 ( 44...h5+ {is also possible:} 45.Kxh5 g6+ 46.Kg4 Qf2 47.Qc8+ Kg7 48.f5 {Black can also achieve a draw here, but it's more difficult.} ) 45.Qc8+ Kg7 46.Qc7 Qf2 $1 47.Qe5+ Kh7 48.g3 $1 {[%c_effect g3;square;g3;type;GreatFind;persistent;true] White's king is in danger, but there's nothing more than a draw, for instance:} 48...f5+ 49.Kh4 Qe2 50.Qe7+ {with perpetual check.} ) 42.Ne2 Qb4 ( 42...Qd8 {is more accurate.} 43.Nd4 Bd5 {with excellent drawing chances, although White can play forever.} ) 43.Qc8+ Be8 44.Qc2 {Nepomniachtchi thought for a long time here, an indication that he was not feeling comfortable with the position. He will start making mistakes now.} 44...Bd7 $2 ( 44...f5 {It seems to me this is the best way. The bishop might go to f7.} 45.Nd4 g6 ) 45.Nd4 {The position is already very dangerous for Black. The computer suggests giving up the e4-pawn immediately. But the computer is a machine, and humans have hearts—it's not so easy to part with what is yours.} 45...f5 $2 ( 45...Kg8 $1 46.Qxe4 Be6 47.Qd3 Bd5 48.e4 Bb7 {Black has a long suffering ahead.} ) 46.Qc7 $1 {[%c_effect c7;square;c7;type;GreatFind;persistent;true] White is winning. Strategists say that the queen and knight work well together. This is a textbook example.} 46...Qd2+ ( 46...Ke8 47.Qb8+ Kf7 ( 47...Ke7 48.Qe5+ Kf7 49.Nxf5 ) 48.Qd8 Qd2+ 49.Ne2 {Black's position collapses.} ) 47.Ne2 {The b-pawn is lost.} 47...Be6 48.Qxb6 Kf7 49.Qd4 Qa2 50.Qa7+ Kg8 51.Qa8+ Kh7 52.Qxa5 Kh8 ( 52...Qxb3 53.Nd4 {wins easily.} ) 53.Qd8+ Kh7 54.Qa5 Kh8 55.b4 $1 Bc4 56.Qd8+ Kh7 57.Qd1 Bb3 58.Qd7 Be6 59.Qb5 Kh8 60.Qc5 $1 {[%c_effect c5;square;c5;type;GreatFind;persistent;true] The a-pawn is not necessary. What White needs is to get rid of the annoying pin on the knight.} 60...g6 ( 60...Qxa4 61.Nd4 ) ( 60...Bc4 {loses to} 61.Qc8+ Kh7 62.Qxf5+ Kh8 ( 62...g6 63.Qd7+ Kh8 64.Qd1 ) 63.Qg4 Qxa4 64.Qc8+ Bg8 65.Qf8 ) 61.Ke1 Kg8 62.Qd6 Kf7 63.Qd2 {There are other ways to win, but Caruana's choice is safe and good. The b-pawn is enough.} 63...Qxa4 64.Nd4 {Finally, the knight returns to its dream place.} 64...Bc4 65.Kf2 h5 66.Kg3 Qa3 67.b5 Qd3 68.Qc1 $1 Bxb5 69.Qc7+ Kf8 70.Qc5+ {A brilliant technical win by Caruana, a player who never ceases to amaze me.} 1-0